 Dungeon Crawl Stone Soup version 0.22-a0-162-g33bf127 (webtiles) character file.

20543 vishdafish the Cleaver (level 12, -23/105 HPs)
             Began as a Minotaur Fighter on Feb 12, 2018.
             Was a High Priest of Wu Jian.
             Engulfed by a cloud of flame (28 damage)
             ... on level 2 of the Orcish Mines on Feb 13, 2018.
             The game lasted 00:39:49 (14564 turns).

vishdafish the Cleaver (Minotaur Fighter)          Turns: 14564, Time: 00:39:49

Health: -23/105    AC: 11    Str: 22    XL:     12   Next: 46%
Magic:  19/19      EV: 14    Int: 11    God:    Wu Jian [*****.]
Gold:   1268       SH: 10    Dex: 14    Spells: 11/11 levels left

rFire    x . .     SeeInvis +   B - +7 mace of the Traitor {freeze, rPois rF- Int+6 Stlth+}
rCold    + . .     Gourm    .   c - +0 shield
rNeg     + . .     Faith    .   y - +3 leather armour of the Jabberwock {rC+ rN+}
rPois    +         Spirit   .   (helmet restricted)
rElec    .         Reflect  .   P - +0 cloak
rCorr    .         Harm     .   o - +0 pair of gloves
MR       .....                  O - +0 pair of boots
Stlth    ++........             (no amulet)
HPRegen  0.27/turn              i - ring of see invisible
MPRegen  0.16/turn              (no ring)

@: exhausted, very slightly contaminated
A: retaliatory headbutt, horns 2
a: Wall Jump, Serpent's Lash, Heavenly Storm, Renounce Religion


You were on level 2 of the Orcish Mines.
You worshipped Wu Jian.
Wu Jian was extremely pleased with you.
You were not hungry.

You visited 2 branches of the dungeon, and saw 14 of its levels.

You collected 1268 gold pieces.

Inventory:

Hand Weapons
 a - a +0 war axe
 B - the +7 mace of the Traitor (weapon) {freeze, rPois rF- Int+6 Stlth+}
   (You found it on level 4 of the Dungeon)

   It has been specially enchanted to freeze those struck by it, causing extra
   injury to most foes and up to half again as much damage against particularly
   susceptible opponents.
   It can also slow down cold-blooded creatures.
   It affects your intelligence (+6).
   It makes you vulnerable to fire.
   It protects you from poison.
   It makes you more stealthy.
 C - the +3 mace "Luluon" {flame, rN+ MP+9 Int+3}
   (You found it on level 4 of the Dungeon)

   It has been specially enchanted to burn those struck by it, causing extra
   injury to most foes and up to half again as much damage against particularly
   susceptible opponents.
   It affects your intelligence (+3).
   It protects you from negative energy.
   It affects your magic capacity (+9).
Missiles
 D - 5 steel tomahawks
 J - 3 throwing nets (quivered)
Armour
 c - a +0 shield (worn)
 o - a +0 pair of gloves (worn)
 y - the +3 leather armour of the Jabberwock (worn) {rC+ rN+}
   (You found it on level 6 of the Dungeon)

   It protects you from cold.
   It protects you from negative energy.
 O - a +0 pair of boots (worn)
 P - a +0 cloak (worn)
Jewellery
 i - a ring of see invisible (left hand)
Wands
 u - a wand of polymorph (11)
 v - a wand of flame (4)
 A - a wand of digging (9)
 F - a wand of enslavement (13)
 H - a wand of random effects (45)
 K - a wand of paralysis (7)
Scrolls
 b - a scroll of vulnerability {unknown}
 g - 8 scrolls of remove curse
 j - 3 scrolls of enchant armour
 p - a scroll of enchant weapon {unknown}
 q - 2 scrolls of immolation
 r - 2 scrolls of fear {unknown}
 t - 3 scrolls of teleportation {unknown}
 w - 3 scrolls of amnesia {unknown}
 z - 2 scrolls of magic mapping {unknown}
 G - 2 scrolls of noise {unknown}
 L - a scroll of identify
 N - a scroll of fog {unknown}
Potions
 d - 5 potions of might
 h - 4 potions of curing
 k - 2 potions of heal wounds
 l - 2 potions of magic
 m - a potion of mutation
 n - 5 potions of agility
 x - 5 potions of lignification
 E - 2 potions of degeneration {unknown}
 I - 2 potions of berserk rage
 M - 3 potions of haste
Comestibles
 f - 19 rations
 s - a chunk of flesh


   Skills:
 + Level 9.4 Fighting
 * Level 13.9 Axes
 - Level 5.4 Throwing
 - Level 7.5 Armour
 - Level 7.1 Dodging
 - Level 3.6 Shields
 * Level 10.8 Evocations


You had 11 spell levels left.
You didn't know any spells.

Dungeon Overview and Level Annotations

Branches:
Dungeon (12/15)            Temple (0/1) D:7            Lair (0/6) D:10
    Orc (2/2) D:10            Elf (0/3) Orc:2

Altars:
Cheibriados
Fedhas
Hepliaklqana
Kikubaaqudgha
Okawaru
Qazlal
Ru
Sif Muna
Wu Jian
Zin

Shops:
Orc:1 =   Orc:2 !?


Innate Abilities, Weirdness & Mutations

You reflexively headbutt those who attack you in melee.
You have a pair of horns on your head.


Message History

The fiery explosion engulfs you! The fire burns you terribly!
* * * LOW HITPOINT WARNING * * *
The fiery explosion engulfs the orc warrior.
The orc warrior explodes!
The fiery explosion engulfs the red devil.
The red devil completely resists.
You hear an explosion! x2
The fiery explosion engulfs the orc.
The orc explodes!
The Council accepts your kill.
You hear an explosion!
The Council accepts your kill.
You feel a bit more experienced. The Council accepts your kill.
You feel a bit more experienced. The Council accepts your kill.
You feel a bit more experienced. The Council accepts your kill. x2
You are engulfed in blazing flames.
You die...

.##......##...##.........(.....##
.##......###...#....##.).#.)..##
###...........#....###[.###)###
)......(..[.......###)[#####.#
<[....(.>.)#.....###(.###.####
[...(([........####(.###...#
[....[)........###..###.#.#
...###........###..###o.3#
....#........###@§###)o.##
#...........###§§###†..##
.#....)))..###.o§§oo.o##
..#.......###.oo4#§o.##
.........###((.#o§.§##
........###∩.#.....##
.#.....###.....#..##
####....###∩.#.....#
#§§##....###...#....#


You could see a red devil (inner flame), 2 orc warriors, an orc priest (inner
flame) and an orc (inner flame).

Vanquished Creatures
  2 ettins
  4 two-headed ogres
  A queen ant (D:9)
  3 orc knights
  An ugly thing (D:10)
  An orc sorcerer (D:10)
  A cyclops (D:12)
  An elephant (D:9)
  Maurice (D:9)
  3 trolls
  4 hippogriffs
  2 slime creatures (D:8)
  A shadow (D:12)
  6 yaks (D:9)
  2 basilisks
  Edmund (D:5)
  9 soldier ants
  4 wargs
  A water moccasin (D:9)
  2 sky beasts
  A phantom (D:6)
  A black bear (D:11)
  22 orc warriors
  4 ogres
  2 ice beasts
  5 centaurs
  A big kobold (D:10)
  9 bullfrogs
  A wyvern skeleton (D:12)
  4 scorpions
  2 wights (D:6)
  2 howler monkeys
  5 crimson imps
  3 bullfrog zombies
  2 centaur zombies
  5 hounds
  18 orc priests
  7 jellies
  3 bullfrog skeletons
  2 iguanas (D:6)
  Crazy Yiuf (D:4)
  Ijyb (D:5)
  25 orc wizards
  26 worker ants
  A killer bee zombie (D:7)
  3 hound skeletons
  2 howler monkey skeletons
  15 adders
  12 gnolls
  A shadow imp (D:6)
  An ooze (D:1)
  2 adder zombies
  An adder skeleton (D:4)
  3 worms
  5 dart slugs
  7 leopard geckos
  66 orcs
  7 bats
  4 giant cockroaches (D:2)
  2 goblins
  10 hobgoblins
  11 jackals
  4 quokkas
  3 frilled lizards
  A jackal zombie (D:5)
  12 kobolds
  A quokka zombie (D:5)
  4 rats
380 creatures vanquished.

Vanquished Creatures (others)
  An orc wizard (D:6)
1 creature vanquished.

Grand Total: 381 creatures vanquished

Notes
Turn   | Place    | Note
-------+----------+-------------------------------------------
     0 | D:1      | vishdafish the Minotaur Fighter began the quest for the Orb.
     0 | D:1      | Reached XP level 1. HP: 19/19 MP: 0/0
   124 | D:1      | Reached XP level 2. HP: 24/27 MP: 1/1
   126 | D:1      | Reached skill level 1 in Dodging
   440 | D:1      | Reached skill level 3 in Axes
   447 | D:1      | Reached XP level 3. HP: 29/33 MP: 2/2
  1039 | D:2      | Reached XP level 4. HP: 39/40 MP: 3/3
  1088 | D:2      | Reached skill level 4 in Axes
  1088 | D:2      | Reached skill level 1 in Evocations
  1554 | D:3      | Reached XP level 5. HP: 46/46 MP: 4/4
  2698 | D:4      | Reached XP level 6. HP: 49/52 MP: 6/6
  2750 | D:4      | Found a sacrificial altar of Ru.
  2889 | D:4      | Found a runed door.
  2897 | D:4      | Got a brightly glowing mace
  2898 | D:4      | Identified the +3 mace "Luluon" {flame, rN+ MP+9 Int+3} (You found it on level 4 of the Dungeon)
  2901 | D:4      | Noticed Crazy Yiuf
  2907 | D:4      | Killed Crazy Yiuf
  2907 | D:4      | Reached skill level 5 in Axes
  2924 | D:4      | Got a crystal mace
  2925 | D:4      | Identified the +7 mace of the Traitor {freeze, rPois rF- Int+6 Stlth+} (You found it on level 4 of the Dungeon)
  3254 | D:4      | Reached skill level 1 in Throwing
  3310 | D:5      | Entered Level 5 of the Dungeon
  3396 | D:5      | Found an ornate altar of the Wu Jian Council.
  3410 | D:5      | Noticed a sky beast
  3420 | D:5      | Killed a sky beast
  3420 | D:5      | Reached XP level 7. HP: 59/59 MP: 6/8
  3430 | D:5      | Noticed Edmund
  3437 | D:5      | Became a worshipper of the Wu Jian Council
  3448 | D:5      | Killed Edmund
  3479 | D:5      | Noticed Ijyb
  3484 | D:5      | Killed Ijyb
  3574 | D:5      | Reached skill level 6 in Axes
  3724 | D:5      | Reached skill level 5 in Dodging
  3871 | D:5      | Found a glowing silver altar of Zin.
  3922 | D:5      | Found a blossoming altar of Fedhas.
  3940 | D:5      | Reached XP level 8. HP: 51/66 MP: 9/9
  4062 | D:6      | Reached * piety under Wu Jian
  4105 | D:6      | Found a stormy altar of Qazlal.
  4234 | D:6      | Got a faintly humming leather armour
  4245 | D:6      | Identified the +3 leather armour of the Jabberwock {rC+ rN+} (You found it on level 6 of the Dungeon)
  4249 | D:6      | Found an iron altar of Okawaru.
  4267 | D:6      | Found a deep blue altar of Sif Muna.
  4320 | D:6      | Reached skill level 7 in Axes
  4424 | D:6      | Found a snail-covered altar of Cheibriados.
  4639 | D:6      | Found a snail-covered altar of Cheibriados.
  4678 | D:6      | Found an ancient bone altar of Kikubaaqudgha.
  4764 | D:7      | Reached ** piety under Wu Jian
  4776 | D:7      | Reached skill level 5 in Evocations
  4776 | D:7      | Reached XP level 9. HP: 59/71 MP: 11/11
  4819 | D:7      | Found a hazy altar of Hepliaklqana.
  4838 | D:7      | Found a staircase to the Ecumenical Temple.
  4974 | D:7      | Reached skill level 5 in Throwing
  5031 | D:7      | Reached skill level 8 in Axes
  5041 | D:7      | You fall through a shaft!
  5622 | D:8      | Reached skill level 9 in Axes
  6011 | D:9      | Noticed a two-headed ogre
  6020 | D:9      | Killed a two-headed ogre
  6020 | D:9      | Reached skill level 5 in Fighting
  6020 | D:9      | Reached skill level 5 in Armour
  6020 | D:9      | Reached XP level 10. HP: 81/81 MP: 13/13
  6077 | D:9      | Reached *** piety under Wu Jian
  6219 | D:9      | Noticed Maurice
  6231 | D:9      | Killed Maurice
  6275 | D:9      | Reached skill level 10 in Axes
  7176 | D:9      | Noticed a queen ant
  7319 | D:9      | Killed a queen ant
  7319 | D:9      | Reached skill level 11 in Axes
  7341 | D:9      | Reached XP level 11. HP: 75/91 MP: 16/16
  7514 | D:10     | Entered Level 10 of the Dungeon
  7514 | D:10     | Found a staircase to the Lair.
  7897 | D:10     | Reached **** piety under Wu Jian
  8084 | D:10     | Noticed a red ugly thing
  8096 | D:10     | Killed a red ugly thing
  8509 | D:10     | Found a staircase to the Orcish Mines.
  8980 | D:10     | Noticed a two-headed ogre
  8991 | D:10     | Killed a two-headed ogre
  9422 | D:11     | Reached skill level 12 in Axes
  9813 | D:11     | Noticed a two-headed ogre
  9834 | D:11     | Killed a two-headed ogre
 10107 | D:12     | Noticed a two-headed ogre
 10116 | D:12     | Killed a two-headed ogre
 10331 | D:12     | Reached ***** piety under Wu Jian
 10712 | Orc:1    | Entered Level 1 of the Orcish Mines
 10712 | Orc:1    | Noticed an orc sorcerer
 10717 | Orc:1    | Noticed an orc knight
 11019 | D:10     | Killed an orc knight
 11236 | D:10     | Killed an orc sorcerer
 11236 | D:10     | Reached skill level 13 in Axes
 11236 | D:10     | Reached skill level 10 in Evocations
 11236 | D:10     | Reached XP level 12. HP: 71/103 MP: 18/18
 11401 | Orc:1    | Found Ifutaquo's Jewellery Shoppe.
 12070 | Orc:2    | Entered Level 2 of the Orcish Mines
 12553 | Orc:2    | Found a staircase to the Elven Halls.
 12821 | Orc:2    | Noticed an ettin
 12872 | Orc:1    | Killed an ettin
 13338 | Orc:2    | Noticed an ettin
 13349 | Orc:2    | Killed an ettin
 14547 | Orc:2    | Found Jiomukle's Distillery.
 14548 | Orc:2    | Found Ogeorievepp's Magic Scroll Emporium.
 14564 | Orc:2    | HP: 5/105 [orc/exploding inner flame[the player character] (36)]
 14564 | Orc:2    | Engulfed by a cloud of flame

Vault maps used:
D:1:      moated_graveyard_arrival, minivault_11
D:2:      first_ration, minmay_split_cup_small
D:4:      kennysheep_mini, uniq_crazy_yiuf_cottage
D:5:      old_standard_altar, hangedman_feature_mirror,
          kennysheep_generic_room_3, uniq_ijyb, uniq_edmund
D:6:      cheibrodos_barr_body, slow_altar_2, okawaru_gym_becter,
          lemuel_crystal_altar, lemuel_crystal_altar, lemuel_round_altar,
          minmay_tree_intersection, kennysheep_slug_shrine
D:7:      old_standard_altar, minmay_temple_entry_statues_fountains
D:9:      zaba_antful_of_joy, uniq_maurice
D:10:     david_lair_generic, erik_orc_4, grunt_pizzeria
Orc:1:    serial_shops, shop
Orc:2:    pf_orc_diabolical, nicolae_orc_lava_tube

Skill      XL: |  1  2  3  4  5  6  7  8  9 10 11 12 |
---------------+-------------------------------------+-----
Dodging        | 1 2 3 4 5 6 7 |  7.1
Axes           | 3 4 5 6 7 9 11 13 | 13.9
Fighting       | 4 5 6 8 9 |  9.4
Armour         | 4 5 6 7 |  7.5
Evocations     | 1 2 3 5 6 8 10 | 10.8
Throwing       | 1 3 4 5 |  5.4
Shields        | |  3.6

Action                   |  1- 3 |  4- 6 |  7- 9 | 10-12 || total
-------------------------+-------+-------+-------+-------++-------
Melee: War axe           |    93 |    91 |       |       ||   184
       Headbutt          |     8 |    17 |    55 |   140 ||   220
       Mace              |       |    15 |   260 |   600 ||   875
Throw: Throwing net      |       |     1 |     1 |     2 ||     4
Invok: Lunge             |       |       |    25 |    45 ||    70
       Wall Jump         |       |       |       |    23 ||    23
       Whirlwind         |       |       |       |    74 ||    74
       Serpent's Lash    |       |       |       |     1 ||     1
Evoke: Wand              |       |       |    10 |    42 ||    52
  Use: Scroll            |       |     2 |     8 |     4 ||    14
       Potion            |       |       |       |     1 ||     1
 Stab: Paralysed         |       |       |     5 |    66 ||    71
       Sleeping          |       |       |     4 |     5 ||     9
  Eat: Chunk             |       |     8 |     8 |    22 ||    38
       Ration            |       |       |       |     2 ||     2
Armor: Scale mail        |    47 |    43 |    34 |       ||   124
       Leather armour    |       |       |    48 |   104 ||   152
Dodge: Dodged            |    40 |    38 |   102 |   274 ||   454
Block: Shield            |    67 |    53 |   117 |   230 ||   467

Table legend:
 A = Spawn XP
 B = Non-spawn XP
 C = Spawn XP percentage of total XP
 D = Spawn monster count
 E = Non-spawn monster count
 F = Spawn count percentage of total count
 G = Total turns spent on level
                    A         B        C        D         E        F      G
               +---------+---------+-------+---------+---------+-------+---------
         Total |       0 |   29348 |   0.0 |       0 |     381 |   0.0 | 14564
               +---------+---------+-------+---------+---------+-------+---------
           D:1 |       0 |      43 |   0.0 |       0 |      22 |   0.0 |   581
           D:2 |       0 |     138 |   0.0 |       0 |      31 |   0.0 |   848
           D:3 |       0 |      97 |   0.0 |       0 |      15 |   0.0 |   764
           D:4 |       0 |     281 |   0.0 |       0 |      15 |   0.0 |  1117
           D:5 |       0 |     885 |   0.0 |       0 |      21 |   0.0 |   733
           D:6 |       0 |    1104 |   0.0 |       0 |      29 |   0.0 |   705
           D:7 |       0 |    1163 |   0.0 |       0 |      25 |   0.0 |   530
           D:8 |       0 |    1692 |   0.0 |       0 |      20 |   0.0 |  1008
           D:9 |       0 |    6987 |   0.0 |       0 |      52 |   0.0 |  1690
          D:10 |       0 |    5108 |   0.0 |       0 |      45 |   0.0 |  2468
          D:11 |       0 |    2116 |   0.0 |       0 |      14 |   0.0 |   599
          D:12 |       0 |    2937 |   0.0 |       0 |      17 |   0.0 |   745
         Orc:1 |       0 |    2480 |   0.0 |       0 |      18 |   0.0 |  1533
         Orc:2 |       0 |    4317 |   0.0 |       0 |      57 |   0.0 |  1243
               +---------+---------+-------+---------+---------+-------+---------
